AoeStats
← Brazy_Boy4

African Clearing

510664862Analyzed
3v3 RM · 18h ago on Oct 2, 2026· 30m 55s· 6 players
Game mode
Random Map
Map size
Normal (6 player)
Population
200
Speed
Normal
Resources
Standard
Victory
Conquest
Starting age
Dark Age
Ending age
Imperial Age
RankedLock teamsTeams togetherTeam positionsShared explorationLock speedFull tech treeHidden civsTurbo modeCheats
Victory
Defeat
🇨🇱 Vietnamese · Chile
1108
+14
🇺🇸 Danes · United States
1098
+14
🇨🇱 Huns · Chile
1045
+17
🇺🇸 Romans · United States
1067
-15
🇺🇸 Muisca · United States
1065
-15
🇺🇸 Vikings · United States
1055
-15
$$ Xeba $$ :D
4:22 Loom
12:34 Feudal Age
21:54 Fletching
24:44 Padded Archer Armor
27:30 Castle Age
28:30 Crossbowman
Rbensinhop
12:18 Loom
16:15 Feudal Age
17:36 Double-Bit Axe
19:26 Fletching
22:05 Padded Archer Armor
22:00 Horse Collar
28:51 Castle Age
28:53 Crossbowman
30:18 Bodkin Arrow
Brazy_Boy4
4:03 Loom
16:01 Feudal Age
16:27 Double-Bit Axe
21:51 Castle Age
20:45 Forging
23:21 Bow Saw
22:52 Horse Collar
24:28 Gambesons
25:27 Arson
27:02 Squires
27:48 Scale Mail Armor
aSweatyClown
5:18 Loom
16:39 Feudal Age
17:14 Double-Bit Axe
18:21 Horse Collar
21:40 Fletching
22:23 Padded Archer Armor
26:45 Castle Age
Captain Moonunit Sexparty
5:51 Loom
20:25 Feudal Age
27:17 Double-Bit Axe
Admiral Ravioli
5:25 Loom
15:56 Feudal Age
20:15 Castle Age
18:39 Double-Bit Axe
19:18 Fletching
21:01 Horse Collar
21:33 Bow Saw
20:58 Crossbowman
25:57 Wheelbarrow
29:34 Bodkin Arrow
29:33 Town Watch
Connection lost

Rejoining the realm…

Still unreachable

The connection could not be restored.

Session expired

The server has moved on; the page needs a fresh start.